 Dungeon Crawl Stone Soup version 0.21-a0-2-ge494091 (webtiles) character file.

103 JeffiDaFish the Cudgeler (level 4, -1/42 HPs)
             Began as a Troll Warper on May 22, 2017.
             Killed by divine providence
             ... invoked by an orc priest
              (9 damage)
             ... on level 2 of the Dungeon.
             The game lasted 00:02:53 (1216 turns).

JeffiDaFish the Cudgeler (Troll Warper)             Turns: 1216, Time: 00:02:53

Health: -1/42      AC:  6    Str: 19    XL:     4   Next: 51%
Magic:  5/5        EV: 10    Int:  9    God:
Gold:   67         SH:  0    Dex: 10    Spells: 1/5 levels left

rFire    . . .     SeeInvis .   h - +0 morningstar
rCold    . . .     Gourm    +   (no shield)
rNeg     . . .     Faith    .   b - +1 robe
rPois    .         Spirit   .   (helmet restricted)
rElec    .         Reflect  .   (no cloak)
rCorr    .         Harm     .   (gloves unavailable)
MR       .....                  (boots unavailable)
Stlth    +.........             (no amulet)
Regen    0.6/turn               (no ring)
MPRegen  0.1/turn               (no ring)

@: no status effects
A: unfitting armour, claws 3, fast metabolism 3, gourmand, regeneration 1,
shaggy fur 1, tough skin 2
a: no special abilities


You were on level 2 of the Dungeon.
You were very full.

You visited 1 branch of the dungeon, and saw 3 of its levels.

You collected 67 gold pieces.

Inventory:

Hand Weapons
 h - a +0 morningstar (weapon)
Missiles
 e - 2 tomahawks of dispersal (quivered)
Armour
 b - a +1 robe (worn)
Scrolls
 d - 2 scrolls of blinking
 g - 2 scrolls of identify
Potions
 j - a potion of cancellation
Books
 c - a book of Spatial Translocations

   Spells                             Type                      Level
   a - Blink                          Translocation                2
   b - Shroud of Golubria             Charms/Translocation         2
   c - Lesser Beckoning               Translocation                3
   d - Gell's Gravitas                Translocation                3
   e - Teleport Other                 Translocation                3
   f - Passage of Golubria            Translocation                4
Comestibles
 f - 2 bread rations
 i - 5 chunks of flesh
 k - a royal jelly


   Skills:
 + Level 2.2 Fighting
 + Level 3.1 Maces & Flails
 + Level 0.8 Throwing
 + Level 2.6 Dodging
 + Level 1.4 Spellcasting
 + Level 2.2 Translocations


You had one spell level left.
You knew the following spells:

 Your Spells              Type           Power        Failure   Level  Hunger
a - Blink                 Tloc           N/A          22%         2    ###....
b - Shroud of Golubria    Chrm/Tloc      #.........   34%         2    ###....


Dungeon Overview and Level Annotations

Branches:
Dungeon (3/15)

Altars:


Innate Abilities, Weirdness & Mutations

You are too large for most types of armour.
You have claws for hands.
Your metabolism is lightning-fast.
You like to eat raw meat.
Your natural rate of healing is unusually fast.
You are covered in fur. (AC +1)
You have very tough skin. (AC +2)


Message History

The orc priest is moderately wounded.
Throwing (i - inventory):
e - 3 tomahawks of dispersal (quivered)
Press: ? - help, Shift-Dir - straight line, f/p - orc priest
Aim: an orc priest, wielding a club and wearing a leather armour (moderately wounded)
You throw a tomahawk of dispersal.
The tomahawk of dispersal closely misses the orc priest.
You are too injured to fight recklessly!
Okay, then.
The orc priest hits you but does no damage.
You climb upwards.
There is a stone staircase leading down here.
You barely miss the orc priest.
The orc priest is moderately wounded.
The orc priest hits you with a club.
* * * LOW HITPOINT WARNING * * *
You sock the orc priest!
The orc priest is almost dead.
The orc priest invokes the aid of Beogh against you.
Beogh smites you!
You die...

###### #<...# ##
#.#### .# #.# .#
#.######
.##########......####
..†.............o)..#
.........(.....[@##.#
######.......###.##.#
#.....### #.##.#
####...# #.##.#
#.#.## #.(..# #.#..#
#(####
#....###(######
###..##.......#
####..##.......#


You could see an orc priest.

Vanquished Creatures
  Jessica (D:2)
  3 adders (D:2)
  2 dart slugs (D:1)
  3 orcs (D:2)
  6 bats
  3 giant cockroaches
  5 goblins
  6 hobgoblins
  2 frilled lizards (D:1)
  7 kobolds
  10 rats
48 creatures vanquished.

Notes
Turn   | Place    | Note
-------+----------+-------------------------------------------
     0 | D:1      | JeffiDaFish the Troll Warper began the quest for the Orb.
     0 | D:1      | Reached XP level 1. HP: 19/19 MP: 1/1
   204 | D:1      | Reached XP level 2. HP: 23/28 MP: 3/3
   251 | D:1      | Learned a level 2 spell: Blink
   268 | D:1      | Reached skill level 2 in Maces & Flails
   862 | D:2      | Reached XP level 3. HP: 32/35 MP: 4/4
   950 | D:2      | Noticed Jessica
   972 | D:2      | Killed Jessica
   972 | D:2      | Reached XP level 4. HP: 33/42 MP: 5/5
   986 | D:2      | Learned a level 2 spell: Shroud of Golubria
  1017 | D:2      | Reached skill level 3 in Maces & Flails
  1216 | D:2      | Killed from afar by an orc priest

Vault maps used:
D:1:      saegor_arrival_simple_b, moated_statue
D:2:      uniq_jessica
D:3:      kennysheep_slug_shrine, led_sif_pool, minmay_misc_feat_tiny,
          grunt_gozag_breadcrumbs, uniq_ijyb, uniq_robin

Skill      XL: |  1  2  3  4 |
---------------+-------------+-----
Dodging        | 2 |  2.6
Maces & Flails | 2 3 |  3.1
Fighting       | 2 |  2.2
Throwing       | |  0.8
Spellcasting   | |  1.4
Translocations | |  2.2

Action                   |  1- 3 |  4- 6 || total
-------------------------+-------+-------++-------
Melee: Mace              |   131 |    28 ||   159
       Morningstar       |       |    14 ||    14
Throw: Tomahawk          |       |     3 ||     3
  Use: Scroll            |     3 |       ||     3
       Potion            |     1 |     2 ||     3
  Eat: Chunk             |    15 |     2 ||    17
Armor: Robe              |    53 |    20 ||    73
Dodge: Dodged            |    83 |    34 ||   117
